Map: Equilibrium LE

Players

FTW

  • Race: Protoss Protoss
  • Spawn Location: 11:00

CraftStar - Winner!

  • Race: Terran Terran
  • League: Platinum
  • Spawn Location: 1:00

VOD

Have the link to the VOD?

Description

Time

  • Played on: Jan. 11, 2024, 9:47 p.m.
  • Length: 7:04
Show
View Real Time Build Order
Export as new Build Order

FTW Protoss 

Build Orders:  

Get SALT Encoding   

  12  0:02  Probe (Chrono Boost)  
  13  0:11  Probe (Chrono Boost)  
  14  0:29  Pylon  
  14  0:32  Probe  
  15  0:47  Probe  
  16  0:59  Probe  
  16  1:00  Forge  
  17  1:11  Probe  
  17  1:15  Gateway  
  18  1:24  Probe  
  19  1:28  Pylon  
  19  1:36  Probe  
  20  1:40  Pylon  
  20  1:47  Pylon  
  20  1:48  Probe  
  20  2:15  Zealot  
  22  2:23  Assimilator  
  22  2:27  Probe (Chrono Boost)  
  24  2:37  Probe (Chrono Boost)  
  24  2:39  Cybernetics Core  
  24  2:42  Zealot  
  26  2:47  Photon Cannon  
  26  2:48  Photon Cannon  
  24  3:09  Zealot  
  26  3:33  Probe (Chrono Boost)  
  27  3:42  Assimilator  
  27  3:43  Probe (Chrono Boost)  
  27  3:48  Probe (Chrono Boost)  
  28  3:54  Pylon  
  29  4:00  Probe (Chrono Boost)  
  30  4:03  Warp Gate  
  30  4:06  Probe (Chrono Boost)  
  31  4:14  Pylon  
  31  4:16  Gateway  
  31  4:18  Gateway  
  31  4:21  Gateway  
  31  4:23  Gateway  
  31  4:32  Probe  
  31  4:36  Pylon  
  32  4:51  Robotics Facility  
  32  5:05  Nexus  
  32  5:10  Gateway  
  32  5:12  Gateway  
  31  5:23  Photon Cannon x2  
  30  5:39  Stalker  
  30  5:40  Stalker  
  34  5:54  Stalker  
  36  5:57  Zealot  
  36  6:09  Zealot x2  
  36  6:23  Zealot x2  
  29  6:37  Zealot  
  25  6:57  Zealot x4  
Show
View Real Time Build Order
Export as new Build Order

CraftStar Terran - Winner!

Build Orders: Reaper Expand 

Get SALT Encoding   

  12  0:00  SCV  
  13  0:12  SCV  
  14  0:17  Supply Depot  
  14  0:24  SCV  
  15  0:38  SCV  
  15  0:39  Barracks  
  16  0:44  Refinery  
  16  0:50  SCV  
  17  1:03  SCV  
  18  1:15  SCV  
  18  1:27  Reaper  
  18  1:29  Orbital Command  
  19  1:41  Supply Depot  
  19  1:53  Command Center  
  19  1:58  SCV  
  20  2:01  Barracks Reactor  
  20  2:12  SCV  
  21  2:24  SCV, Refinery  
  22  2:31  Factory  
  22  2:36  SCV  
  23  2:44  Marine x2  
  23  2:48  SCV  
  25  3:00  SCV  
  26  3:08  Orbital Command  
  26  3:12  SCV, Marine x2  
  29  3:19  Factory Tech Lab  
  29  3:22  Starport  
  29  3:24  SCV  
  30  3:37  SCV x2  
  32  3:43  Siege Tank  
  35  3:48  Marine  
  35  3:49  Marine  
  35  3:53  SCV x2  
  35  3:55  Supply Depot  
  39  4:05  SCV x2  
  41  4:11  Starport Tech Lab  
  41  4:15  Marine x2  
  43  4:17  SCV x2  
  43  4:19  Engineering Bay  
  45  4:28  Command Center  
  45  4:29  SCV x2  
  45  4:30  Raven  
  49  4:40  Supply Depot  
  49  4:41  SCV x2  
  51  4:53  SCV x2  
  51  4:54  Stimpack  
  51  4:55  Supply Depot  
  53  5:02  Widow Mine x2  
  53  5:04  Medivac  
  53  5:05  SCV x2  
  61  5:16  Marauder  
  61  5:17  SCV  
  61  5:18  SCV  
  61  5:20  Supply Depot  
  65  5:22  Supply Depot  
  65  5:44  Widow Mine, Marauder  
  65  5:45  Medivac, Widow Mine  
  65  5:47  SCV x2  
  65  5:49  Orbital Command  
  75  5:52  Refinery  
  75  5:53  Refinery  
  75  5:59  SCV  
  76  6:09  Widow Mine x2  
  76  6:10  Marauder  
  82  6:15  Medivac  
  83  6:18  Orbital Command  
  83  6:23  SCV x2  
  85  6:30  Widow Mine  
  87  6:35  SCV  
Tags
 
Add a new tag
Caveats
  • Supply blocks, unpowered buildings, or Contaminate may cause inaccurate times.
  • Supply counts are checked every 10 seconds.